 Dungeon Crawl Stone Soup version 0.30-a0-883-g5ad918d77d (webtiles) character file.

Game seed: 9195848182915852551

5481 Jackthecabe the Ogreish Disaster (level 10, -8/100 HPs)
             Began as an Ogre Fire Elementalist on Mar 18, 2023.
             Was a Believer of Qazlal.
             Mangled by a seven-headed hydra (12 damage)
             ... on level 9 of the Dungeon.
             The game lasted 00:32:04 (14403 turns).

Jackthecabe the Ogreish Disaster (OgFE)            Turns: 14403, Time: 00:32:05

Health: -8/100     AC:  4    Str: 20    XL:     10   Next: 69%
Magic:  16/16      EV: 11    Int: 20    God:    Qazlal [**....]
Gold:   118        SH:  2    Dex:  9    Spells: 10/17 levels left

rFire   . . .      SeeInvis +    a - +2 whip (freeze)
rCold   + . .      Faith    .    (no shield)
rNeg    . . .      Spirit   .    i - +1 robe {rC+}
rPois   .          Reflect  .    (helmet restricted)
rElec   .          Rampage  .    (no cloak)
rCorr   .                        (gloves unavailable)
Will    +....                    (boots unavailable)
Stlth   +                        (no amulet)
HPRegen 0.36/turn                v - ring of see invisible
MPRegen 0.15/turn                S - +6 ring of strength

@: invisible
A: large, unfitting armour, tough skin 1
a: Renounce Religion, Upheaval


You were on level 9 of the Dungeon.
You worshipped Qazlal.
Qazlal was pleased with you.
You visited 1 branch of the dungeon, and saw 9 of its levels.
You also visited: Sewer.

You collected 459 gold pieces.
You spent 341 gold pieces at shops.


Innate Abilities, Weirdness & Mutations

You are too large for most types of armour.
You have tough skin. (AC +1)


   Skills:
 + Level 6.7 Fighting
 - Level 6.0 Dodging
 - Level 1.4 Stealth
 - Level 4.0 Spellcasting
 - Level 7.0 Conjurations
 - Level 7.0 Fire Magic
 - Level 8.0 Invocations
 - Level 2.0 Evocations


You had 10 spell levels left.
You knew the following spells:

 Your Spells              Type           Power      Damage    Failure   Level
f - Foxfire               Conj/Fire      100%       2x1d9     1%          1
X - Scorch                Fire           64%        2d8       1%          2
Y - Flame Wave            Conj/Fire      32%        2d9       7%          4

Your spell library contained the following spells:

 Spells                   Type           Power      Damage    Failure   Level
 Inner Flame              Hex/Fire       18%        N/A       9%          3
 Kindle Blastsparks       Fire/Tloc/Air  26%        2d12      16%         3

Inventory:

Hand Weapons
 a - a +2 whip of freezing (weapon)
Missiles
 u - 2 throwing nets {=f}
Armour
 i - a +1 robe of cold resistance (worn)
 l - a +0 robe
Magical Staves
 b - a staff of fire {!a}
 r - a staff of earth {!a}
Jewellery
 v - a ring of see invisible (left hand)
 N - a ring of positive energy
 S - a +6 ring of strength (right hand)
Wands
 t - a wand of digging (11)
 B - a wand of quicksilver (5)
 J - a wand of paralysis (10)
Scrolls
 c - a scroll of enchant armour {unknown}
 d - a scroll of silence {unknown}
 f - a scroll of blinking
 n - a scroll of fear
 o - 2 scrolls of vulnerability
 s - a scroll of poison
 y - a scroll of teleportation {@r2}
 F - a scroll of magic mapping {unknown}
 G - a scroll of amnesia {unknown}
 H - a scroll of torment {unknown}
Potions
 e - 5 potions of curing {@q1}
 g - a potion of berserk rage {unknown}
 h - a potion of resistance {unknown}
 j - 3 potions of haste {@q3}
 k - a potion of attraction
 m - a potion of lignification {unknown}
 p - 7 potions of heal wounds {@q2}
 q - 2 potions of magic
 w - a potion of cancellation
 x - 6 potions of might
 z - a potion of invisibility
 A - 2 potions of brilliance {unknown}
 C - a potion of ambrosia {unknown}
 D - 3 potions of flight
 E - a potion of mutation
 I - a potion of degeneration {unknown}

Dungeon Overview and Level Annotations

Branches:
Dungeon (9/15)             Temple (0/1) D:5           Sewer (visited)
   Lair: D:8-11         Orc: D:9-12

Altars:
Cheibriados
Kikubaaqudgha
Qazlal
Trog
Xom
Zin

Shops:
D:1 !   D:9 (

Annotations:
D:3 3 runed translucent doors, deadpool521's ghost, weakling MiFi
D:4 1 runed translucent door, Crazy Yiuf
D:6 3 runed translucent doors, bobarctor's ghost, novice DsNe

..##.##.......#...#.###
......................#
...........##....▒▒▒▒▒
.........######..▒...▒
.††.....##.. ##.▒.∩.▒
###..#..#....###.▒...▒
..#....##......#.▒.>.▒
.###..... #..§.▒...▒
..####... ##..@▒▒▒▒▒.#
.##.##..#.......#D....#
<...# .#).....##...###
.##..# .........### .#
.... ........## ## ...
........ .. ........ .
........ #......


You could see a seven-headed hydra (unable to see you).


Message History

The seven-headed hydra bites you but does no damage.
You barely miss the seven-headed hydra.
The seven-headed hydra is moderately wounded.
The seven-headed hydra barely misses you.
The seven-headed hydra bites you. The seven-headed hydra bites you!
The seven-headed hydra bites you. The seven-headed hydra bites you!
The seven-headed hydra bites you.
The seven-headed hydra barely misses you.
The seven-headed hydra attacks as you move away!
The seven-headed hydra bites you!
* * * LOW HITPOINT WARNING * * *
You block the seven-headed hydra's attack.
The seven-headed hydra bites you but does no damage.
The seven-headed hydra bites you.
* * * LOW HITPOINT WARNING * * *
The seven-headed hydra completely misses you.
The seven-headed hydra bites you.
* * * LOW HITPOINT WARNING * * *
The seven-headed hydra bites you!
* * * LOW HITPOINT WARNING * * *
Casting: Foxfire (safe; 1% risk of failure)
Confirm with . or Enter, or press ? or * to list all spells.
Okay, then.
Okay, then.
Unknown command.
You fade into invisibility!
The seven-headed hydra bites you!
* * * LOW HITPOINT WARNING * * *
The seven-headed hydra bites you!
You die...

Skill      XL: |  1  2  3  4  5  6  7  8  9 10 |
---------------+-------------------------------+-----
Conjurations   | 1 2 4 5 6 7 |  7.0
Fire Magic     | 3 4 5 6 7 |  7.0
Spellcasting   | 3 4 |  4.0
Fighting       | 2 4 5 6 |  6.7
Invocations    | 4 6 8 |  8.0
Dodging        | 6 |  6.0
Evocations     | 2 |  2.0
Stealth        | |  1.4

Action                     |  1- 3 |  4- 6 |  7- 9 | 10-12 || total
---------------------------+-------+-------+-------+-------++-------
  Melee: Unarmed           |       |     7 |       |       ||     7
         Whip              |       |     1 |    11 |     2 ||    14
         Staff             |       |       |     5 |     2 ||     7
         Punch             |       |       |     1 |       ||     1
   Cast: Foxfire           |    85 |   110 |   253 |    69 ||   517
         Scorch            |     5 |    33 |    73 |    46 ||   157
         Flame Wave        |       |       |     4 |     2 ||     6
 Invoke: Upheaval          |       |       |       |     6 ||     6
    Use: Scroll            |       |       |     5 |       ||     5
         Potion            |       |       |     3 |     1 ||     4
 Armour: Robe              |     7 |    16 |    45 |    17 ||    85
  Dodge: Dodged            |    17 |    29 |    90 |    27 ||   163
  Block: Other             |       |       |     4 |     3 ||     7

Levels and vault maps discovered:
D:1:      dpeg_arrival_connections, layout_loops_cross, serial_bayou,
          serial_bayou_shore_a, serial_bayou_pond_c, serial_bayou_crossing,
          serial_bayou_pond_d, serial_shops, nicolae_shop_statue_plus,
          chequers_ecumenical_altar_grove, minmay_splitting_lines
D:2:      layout_basic, uniq_robin, uniq_terence
D:3:      layout_loops_cross, gammafunk_ghost_split
D:4:      layout_gridville, overflow_temple_1_default,
          nicolae_qazlal_eye_of_the_storm, zin_treasury, gup_sewer_entry_spiral,
          kennysheep_small_circle, uniq_crazy_yiuf_cottage
D:5:      layout_gridville, trog_hazing_becter, minmay_temple_entry_grid
D:6:      cheibrodos_quashed, layout_loops_ring, gammafunk_ghost_split,
          uniq_eustachio
D:7:      layout_cave_pods, enter_bailey_6, kennysheep_potato
D:8:      layout_basic, tgw_xom, kennysheep_vampire_church, minmay_door_square,
          serial_bayou_lagoon_a, uniq_maggie, uniq_erica
D:9:      layout_cave_pools, mainiacjoe_overflow_brackets,
          nemelex_diamond_rough_becter, hiddenorc1_lemuel, serial_shops,
          nicolae_shop_stone, shop, nicolae_take_the_stairs, serial_undead,
          serial_undead_a, serial_undead_b, serial_undead_c, serial_undead_a

Notes
Turn   | Place    | Note
-------+----------+-------------------------------------------
     0 | D:1      | Jackthecabe the Ogre Fire Elementalist began the quest for
                  | the Orb.
     0 | D:1      | Reached XP level 1. HP: 16/16 MP: 3/3
     8 | D:1      | Reached skill level 1 in Conjurations
   307 | D:1      | Reached XP level 2. HP: 24/24 MP: 3/5
   559 | D:1      | Found a faded altar of an unknown god.
   619 | D:1      | Reached skill level 3 in Fire Magic
   829 | D:1      | Found Yjony's Distillery.
   893 | D:1      | Bought a potion of curing for 33 gold pieces
   925 | D:1      | Reached skill level 3 in Spellcasting
  1117 | D:1      | Reached XP level 3. HP: 31/31 MP: 5/7
  1120 | D:1      | Learned a level 2 spell: Scorch
  1498 | D:2      | Noticed Robin
  1575 | D:1      | Killed Robin
  1576 | D:1      | Reached skill level 2 in Conjurations
  2088 | D:2      | Reached XP level 4. HP: 39/39 MP: 4/8
  2139 | D:2      | Noticed Terence
  2168 | D:2      | HP: 3/39 [Terence/+0 flail (6)]
  2169 | D:2      | Killed Terence
  3087 | D:2      | Reached XP level 5. HP: 43/45 MP: 4/9
  3304 | D:3      | Found a runed translucent gate.
  3304 | D:3      | Found a runed translucent gate.
  3304 | D:3      | Noticed deadpool521's ghost (weakling MiFi)
  3305 | D:3      | Found a runed translucent gate.
  3662 | D:3      | Reached skill level 4 in Fire Magic
  3781 | D:3      | Reached skill level 3 in Conjurations
  4373 | D:4      | Noticed an ice beast
  4384 | D:4      | Killed an ice beast
  4385 | D:4      | Reached skill level 4 in Conjurations
  4385 | D:4      | Reached skill level 2 in Fighting
  4385 | D:4      | Reached XP level 6. HP: 44/57 MP: 1/10
  4465 | D:4      | Reached skill level 3 in Fighting
  4500 | D:4      | Found a runed translucent door.
  4501 | D:4      | Noticed Crazy Yiuf
  4579 | D:4      | Reached skill level 4 in Fighting
  4648 | D:4      | Found a snail-covered altar of Cheibriados.
  4657 | D:4      | Found a glowing silver altar of Zin.
  4995 | D:4      | Reached XP level 7. HP: 70/70 MP: 3/11
  5003 | D:4      | Found a glowing drain.
  5007 | Sewer    | Entered a sewer
  5516 | Sewer    | Reached skill level 5 in Fire Magic
  6376 | D:4      | Found a stormy altar of Qazlal.
  6557 | D:4      | Became a worshipper of Qazlal Stormbringer
  6580 | D:5      | Entered Level 5 of the Dungeon
  6863 | D:5      | Found a staircase to the Ecumenical Temple.
  6867 | D:5      | Reached skill level 5 in Fighting
  6867 | D:5      | Reached skill level 1 in Invocations
  6890 | D:4      | Reached skill level 2 in Invocations
  7015 | D:5      | Reached skill level 3 in Invocations
  7115 | D:5      | Reached skill level 4 in Invocations
  7321 | D:5      | Reached XP level 8. HP: 64/80 MP: 6/12
  7552 | D:5      | Reached skill level 5 in Invocations
  7744 | D:5      | Found a bloodstained altar of Trog.
  7953 | D:5      | Learned a level 4 spell: Flame Wave
  8223 | D:6      | Reached skill level 6 in Invocations
  8720 | D:6      | Noticed Eustachio
  8884 | D:5      | Reached skill level 5 in Conjurations
  8888 | D:5      | Killed Eustachio
  8889 | D:5      | Reached skill level 6 in Fire Magic
  9158 | D:6      | Reached XP level 9. HP: 84/88 MP: 9/13
  9162 | D:5      | Reached * piety under Qazlal
  9237 | D:6      | Reached skill level 6 in Conjurations
  9237 | D:6      | Reached skill level 2 in Dodging
  9445 | D:6      | Reached skill level 3 in Dodging
  9556 | D:6      | Noticed a cyclops
  9556 | D:6      | Noticed bobarctor's ghost (novice DsNe)
  9566 | D:6      | Found a runed translucent gate.
  9566 | D:6      | Found a runed translucent gate.
  9622 | D:6      | Reached skill level 4 in Dodging
  9657 | D:6      | Found a runed translucent gate.
 10101 | D:1      | Bought a potion of heal wounds for 55 gold pieces
 10101 | D:1      | Bought a potion of flight for 33 gold pieces
 10101 | D:1      | Bought a potion of invisibility for 88 gold pieces
 10101 | D:1      | Bought a potion of might for 44 gold pieces
 10101 | D:1      | Bought a potion of mutation for 88 gold pieces
 10202 | D:7      | Noticed a hornet
 10211 | D:6      | Paralysed by a hornet for 2 turns
 10213 | D:6      | Killed a hornet
 10214 | D:6      | Reached skill level 5 in Dodging
 10383 | D:7      | Reached skill level 6 in Dodging
 10896 | D:7      | Reached ** piety under Qazlal
 11442 | D:6      | Reached XP level 10. HP: 49/96 MP: 3/14
 11672 | D:7      | Reached skill level 7 in Conjurations
 11672 | D:7      | Reached skill level 7 in Fire Magic
 12204 | D:8      | Reached skill level 6 in Fighting
 12204 | D:8      | Noticed Maggie
 12803 | D:8      | Killed Maggie
 12804 | D:8      | Reached skill level 7 in Invocations
 13338 | D:8      | Noticed Erica
 13347 | D:8      | Killed Erica
 13348 | D:8      | Reached skill level 8 in Invocations
 13348 | D:8      | Reached skill level 2 in Evocations
 13766 | D:8      | Found an ancient bone altar of Kikubaaqudgha.
 14138 | D:8      | Reached skill level 4 in Spellcasting
 14192 | D:8      | Found a shimmering altar of Xom.
 14395 | D:9      | Found Aprikkyem's Weapon Shop.
 14396 | D:9      | Noticed a seven-headed hydra
 14403 | D:9      | HP: 4/100 [seven-headed hydra (12)]
 14403 | D:9      | Mangled by a seven-headed hydra

Vanquished Creatures
  Erica (D:8)
  Maggie (D:8)
  A hornet (D:6)
  A wyvern (D:9)
  Eustachio (D:5)
  A steam dragon (D:6)
  3 water moccasins
  5 orc warriors
  A sky beast (D:6)
  3 ice beasts
  3 black bears
  A centaur (D:8)
  A phantom (D:6)
  A kobold brigand (D:8)
  6 bullfrogs
  6 wights
  5 scorpions
  2 vampire bats (D:8)
  An electric eel (D:8)
  3 hounds
  2 jellies
  7 orc priests
  3 sleepcaps
  Terence (D:2)
  4 iguanas
  9 orc wizards
  Robin (D:1)
  3 gnolls (D:4)
  11 adders
  5 river rats (Sewer)
  A shadow imp (D:7)
  2 white imps
  2 worms
  5 dart slugs
  39 orcs
  16 ball pythons
  3 bat skeletons (D:8)
  2 bat zombies (D:8)
  5 endoplasms
  4 giant cockroaches
  12 goblins
  9 hobgoblins
  6 jackals
  25 kobolds
  6 quokkas
  13 bats
  5 frilled lizards
  22 rats
  A foxfire (D:8)
271 creatures vanquished.

Vanquished Creatures (collateral kills)
  5 foxfires
5 creatures vanquished.

Vanquished Creatures (others)
  An orc wizard (D:7)
  853 foxfires
  12 plants
866 creatures vanquished.

Grand Total: 1142 creatures vanquished

Table legend: (Time is in decaauts)
 A = Elapsed time spent in this place.
 B = Non-inter-level travel time spent in this place.
 C = Inter-level travel time spent in this place.
 D = Time resting spent in this place.
 E = Time spent auto-exploring this place.
 F = Levels seen in this place.
 G = Mean time per level.
                   A        B        C        D        E       F      G
               +--------+--------+--------+--------+--------+-----+--------+
         Total |  14424 |  13774 |    650 |   3230 |   8382 |  10 | 1442.4 |
       Dungeon |  13107 |  12457 |    650 |   2988 |   7455 |   9 | 1456.3 |
         Sewer |   1316 |   1316 |      0 |    242 |    927 |   1 | 1316.0 |
               +--------+--------+--------+--------+--------+-----+--------+

Top non-repeatable levels by time:
     D:6: 2245 daAuts
     D:2: 1830 daAuts
     D:7: 1818 daAuts
     D:8: 1657 daAuts
     D:1: 1557 daAuts
     D:5: 1414 daAuts
     D:4: 1384 daAuts
   Sewer: 1316 daAuts
     D:3: 1090 daAuts
     D:9: 108 daAuts

Table legend:
 A = Non-vault XP
 B = Vault XP
 C = Vault XP percentage of total XP
 D = Non-vault monster count
 E = Vault monster count
 F = Vault count percentage of total count
                 A         B        C        D         E       F
            +---------+---------+-------+---------+---------+-------
      Total |    5624 |    2206 |  28.2 |     188 |      83 |  30.6
            +---------+---------+-------+---------+---------+-------
        D:1 |      35 |      17 |  32.7 |      22 |       2 |   8.3
        D:2 |      71 |      48 |  40.3 |      25 |       7 |  21.9
        D:3 |      34 |       0 |   0.0 |      17 |       0 |   0.0
        D:4 |     530 |      69 |  11.5 |      21 |       7 |  25.0
        D:5 |     670 |     212 |  24.0 |      17 |       7 |  29.2
        D:6 |    2064 |     132 |   6.0 |      29 |       1 |   3.3
        D:7 |    1353 |      11 |   0.8 |      36 |       1 |   2.7
        D:8 |     574 |    1579 |  73.3 |      19 |      13 |  40.6
        D:9 |     293 |       0 |   0.0 |       2 |       0 |   0.0
      Sewer |       0 |     138 | 100.0 |       0 |      45 | 100.0
            +---------+---------+-------+---------+---------+-------
